Map: [ESL] Oceanborn

Players

Lemon

  • Race: Protoss Protoss
  • Spawn Location: 5:00

Nice - Winner!

  • Race: Protoss Protoss
  • Spawn Location: 11:00

Event: ESL SC2 Masters 2024 Spring (Regional)

VOD

Have the link to the VOD?

Description

Time

  • Played on: April 11, 2024, 6:47 a.m.
  • Length: 12:07

All games in this series

Show
View Real Time Build Order
Export as new Build Order

Lemon Protoss 

Build Orders:  

Get SALT Encoding   

  12  0:00  Probe  
  13  0:12  Probe  
  14  0:16  Pylon  
  14  0:24  Probe (Chrono Boost)  
  15  0:36  Probe (Chrono Boost)  
  15  0:37  Gateway  
  16  0:44  Probe (Chrono Boost)  
  16  0:45  Assimilator  
  17  0:51  Probe  
  18  1:03  Probe (Chrono Boost)  
  19  1:04  Assimilator  
  19  1:11  Gateway  
  19  1:12  Probe (Chrono Boost)  
  19  1:17  Probe (Chrono Boost)  
  20  1:24  Cybernetics Core  
  21  1:29  Probe  
  22  1:35  Pylon  
  22  1:41  Probe  
  23  1:53  Probe  
  24  1:57  Warp Gate (Chrono Boost)  
  24  2:00  Stalker x2  
  28  2:11  Pylon  
  28  2:15  Probe  
  29  2:30  Stalker x2  
  33  2:57  Pylon, Gateway  
  33  3:02  Stalker x2  
  37  3:25  Nexus  
  38  3:34  Probe (Chrono Boost)  
  38  3:41  Adept x2  
  39  3:46  Probe (Chrono Boost)  
  42  3:49  Twilight Council  
  42  3:54  Probe (Chrono Boost)  
  43  3:57  Pylon  
  43  4:01  Probe  
  44  4:13  Probe (Chrono Boost)  
  44  4:17  Sentry x2  
  43  4:21  Blink (Chrono Boost)  
  46  4:25  Probe (Chrono Boost)  
  46  4:31  Pylon, Probe (Chrono Boost)  
  47  4:38  Probe (Chrono Boost)  
  49  4:45  Probe (Chrono Boost)  
  49  4:49  Shield Battery, Probe (Chrono Boost)  
  51  4:53  Probe (Chrono Boost)  
  51  4:54  Sentry, Probe (Chrono Boost)  
  54  5:01  Stalker  
  54  5:04  Probe  
  58  5:07  Probe  
  58  5:11  Robotics Facility  
  58  5:14  Phoenix  
  58  5:16  Stalker, Probe  
  58  5:20  Probe  
  62  5:24  Pylon  
  62  5:34  Nexus  
  62  5:37  Probe  
  62  5:38  Probe  
  64  5:44  Stalker  
  64  5:47  Forge  
  64  5:49  Probe  
  67  5:53  Probe  
  68  6:00  Observer, Phoenix  
  68  6:02  Probe  
  70  6:05  Probe, Shield Battery  
  71  6:12  Gateway  
  71  6:14  Probe  
  71  6:15  Gateway  
  71  6:16  Protoss Ground Weapons Level 1 (Chrono Boost)  
  71  6:17  Probe  
  73  6:20  Charge  
  73  6:26  Observer  
  73  6:31  Probe x2  
  76  6:35  Nexus  
  76  6:38  Pylon  
  76  6:43  Probe x2  
  78  6:49  Probe, Gateway  
  79  6:55  Stalker  
  79  6:58  Stalker  
  79  7:00  Probe  
  79  7:01  Observer  
  83  7:09  Probe x2  
  83  7:12  Stalker x2  
  83  7:15  Photon Cannon x2  
  89  7:17  Photon Cannon  
  89  7:24  Stalker  
  89  7:29  Stalker x2  
  89  7:40  Probe  
  77  7:51  Zealot x4  
  77  7:52  Zealot x2  
  77  7:56  Probe x3  
  92  8:08  Probe  
  92  8:12  Protoss Ground Weapons Level 2 (Chrono Boost)  
  93  8:13  Nexus  
  93  8:14  Pylon  
  93  8:22  Pylon  
  93  8:29  Probe  
  93  8:32  Warp Prism (Chrono Boost)  
  94  8:40  Zealot x5  
  94  8:41  Probe  
  103  8:42  Probe x2  
  103  8:44  Assimilator  
  103  8:45  Assimilator  
  105  8:52  Stalker  
  105  8:53  Probe  
  105  8:54  Probe  
  109  8:57  Pylon  
  109  8:58  Pylon  
  109  9:02  Pylon  
  109  9:15  Probe x3  
  109  9:16  Zealot x6, Pylon  
  124  9:21  Photon Cannon  
  124  9:27  Probe x2, Gateway  
  124  9:28  Probe x2  
  124  9:29  Gateway  
  128  9:36  Gateway  
  128  9:37  Gateway  
  128  9:39  Probe x2  
  124  9:53  Zealot x5  
  124  9:54  Zealot  
  122  10:03  Stalker x2  
  122  10:05  Probe  
  122  10:06  Probe x2  
  123  10:10  Nexus  
  119  10:16  Pylon, Stalker x4  
  119  10:18  Observer  
  127  10:23  Stalker  
  130  10:30  Stalker x3  
  130  10:35  Stalker x2  
  136  10:38  Probe x3  
  136  10:39  Probe  
  136  10:44  Photon Cannon  
  136  10:46  Stalker  
  136  10:47  Observer  
  136  10:48  Photon Cannon, Shield Battery  
  132  10:50  Stalker  
  132  10:51  Stalker  
  132  10:55  Assimilator  
  136  10:58  Assimilator  
  136  10:59  Stalker x2  
  136  11:03  Stalker x2  
  144  11:09  Robotics Bay  
  144  11:12  Stalker x3  
  146  11:20  Stalker x3  
  130  11:29  Zealot x4  
  120  11:35  Zealot x3  
  108  11:43  Stalker x3  
  98  11:51  Stalker x3  
  92  11:55  Stalker  
  92  11:57  Zealot x3  
Show
View Real Time Build Order
Export as new Build Order

Nice Protoss - Winner!

Build Orders:  

Get SALT Encoding   

  12  0:00  Probe  
  13  0:14  Probe  
  14  0:17  Pylon  
  14  0:26  Probe (Chrono Boost)  
  16  0:36  Probe (Chrono Boost)  
  16  0:37  Gateway  
  16  0:41  Probe (Chrono Boost)  
  16  0:45  Assimilator  
  17  0:53  Probe (Chrono Boost)  
  17  0:54  Assimilator  
  18  1:05  Probe (Chrono Boost)  
  18  1:09  Gateway  
  19  1:13  Probe (Chrono Boost)  
  20  1:19  Probe  
  20  1:25  Cybernetics Core  
  21  1:31  Probe  
  22  1:35  Pylon  
  22  1:43  Probe  
  23  1:59  Warp Gate (Chrono Boost)  
  23  2:01  Stalker x2  
  27  2:10  Pylon  
  27  2:13  Probe  
  28  2:31  Stalker x2  
  31  2:41  Probe  
  32  3:00  Nexus  
  32  3:04  Sentry x2  
  36  3:12  Pylon  
  36  3:13  Probe  
  36  3:17  Pylon  
  37  3:25  Probe (Chrono Boost)  
  38  3:37  Probe (Chrono Boost)  
  39  3:43  Probe (Chrono Boost)  
  39  3:44  Sentry, Stalker  
  44  3:55  Pylon  
  45  3:57  Gateway  
  44  4:11  Stalker x2  
  47  4:17  Probe  
  47  4:19  Pylon  
  47  4:20  Probe  
  49  4:32  Probe x2 (Chrono Boost)  
  51  4:40  Twilight Council  
  51  4:43  Probe (Chrono Boost)  
  51  4:44  Probe (Chrono Boost)  
  53  4:47  Probe (Chrono Boost)  
  55  4:58  Probe  
  55  5:00  Nexus  
  55  5:01  Probe  
  56  5:10  Probe  
  56  5:11  Blink (Chrono Boost)  
  56  5:12  Pylon  
  56  5:13  Probe  
  58  5:20  Robotics Facility  
  58  5:23  Probe  
  58  5:25  Probe  
  60  5:29  Stalker  
  60  5:35  Stalker, Probe  
  64  5:40  Probe  
  66  5:44  Dark Shrine  
  66  5:48  Probe  
  66  5:49  Shield Battery  
  67  5:50  Assimilator  
  67  5:53  Probe  
  68  6:00  Pylon, Probe  
  68  6:03  Stalker  
  71  6:06  Warp Prism (Chrono Boost), Probe  
  74  6:12  Probe  
  74  6:13  Probe  
  77  6:18  Probe  
  77  6:25  Probe x2  
  79  6:29  Stalker x2  
  79  6:30  Probe  
  79  6:32  Observer  
  84  6:37  Probe x2  
  87  6:45  Probe  
  88  6:47  Gateway  
  88  6:48  Gateway  
  88  6:49  Probe  
  88  6:52  Charge, Pylon, Probe  
  90  6:59  Dark Templar x2  
  90  7:00  Probe  
  90  7:01  Probe  
  96  7:13  Nexus, Probe  
  97  7:17  Pylon, Probe x2  
  97  7:22  Forge  
  99  7:25  Probe  
  99  7:29  Probe  
  101  7:35  Observer  
  101  7:36  Stalker x2  
  101  7:37  Probe x2  
  101  7:41  Probe  
  96  7:49  Protoss Ground Weapons Level 1 (Chrono Boost), Probe x2  
  96  7:50  Stalker  
  96  7:51  Stalker  
  98  7:53  Probe, Gateway  
  98  7:54  Gateway  
  95  8:00  Immortal (Chrono Boost)  
  95  8:01  Probe  
  94  8:05  Stalker x2  
  94  8:09  Shield Battery  
  94  8:10  Pylon  
  94  8:11  Gateway  
  98  8:13  Gateway  
  98  8:14  Shield Battery  
  98  8:18  Stalker x2  
  102  8:29  Immortal (Chrono Boost)  
  102  8:31  Zealot x2  
  105  8:42  Shield Battery  
  105  8:44  Photon Cannon  
  105  8:45  Zealot x2  
  109  8:51  Stalker x2  
  109  8:54  Photon Cannon  
  109  8:55  Pylon  
  112  8:57  Shield Battery  
  112  9:00  Pylon  
  116  9:05  Observer (Chrono Boost)  
  116  9:07  Stalker x3  
  116  9:09  Probe x3  
  123  9:13  Photon Cannon  
  123  9:15  Gateway  
  123  9:16  Probe  
  123  9:17  Assimilator, Gateway  
  123  9:20  Sentry  
  123  9:21  Probe  
  126  9:29  Zealot  
  126  9:30  Zealot x3  
  134  9:34  Warp Prism  
  134  9:35  Pylon  
  136  9:42  Stalker  
  136  9:43  Stalker  
  136  9:50  Zealot x4  
  144  10:04  Nexus  
  142  10:07  Zealot x2  
  142  10:10  Protoss Ground Weapons Level 2 (Chrono Boost)  
  142  10:14  Stalker x3  
  150  10:19  Stalker x2  
  156  10:33  Zealot x3  
  162  10:41  Photon Cannon  
  162  10:42  Shield Battery  
  162  10:44  Pylon  
  162  10:46  Stalker  
  164  10:50  Photon Cannon  
  164  10:52  Shield Battery  
  164  10:54  Pylon  
  164  10:55  Pylon  
  164  10:59  Forge  
  165  11:04  Probe x4  
  165  11:08  Pylon x2  
  165  11:09  Pylon  
  165  11:11  Zealot x2  
  172  11:13  Zealot x5  
  172  11:14  Zealot  
  172  11:15  Probe, Gateway  
  172  11:16  Probe, Gateway  
  184  11:20  Immortal  
  154  11:38  Zealot x3  
  154  11:39  Zealot x5  
Tags
 
Add a new tag
Caveats
  • Supply blocks, unpowered buildings, or Contaminate may cause inaccurate times.
  • Supply counts are checked every 10 seconds.